 Dungeon Crawl Stone Soup version 0.30-a0-879-ga8ba668304 (webtiles) character file.

Game seed: 10398138811193588399

105557 pokeman the Sorcerer (level 15, -21/92 HPs)
             Began as a Deep Elf Hedge Wizard on Mar 12, 2023.
             Was a High Priest of Vehumet.
             Demolished by Rupert
             ... wielding a +3 triple sword of distortion
              (39 damage)
             ... on level 14 of the Dungeon.
             The game lasted 01:42:22 (29710 turns).

pokeman the Sorcerer (Deep Elf Hedge Wizard)       Turns: 29710, Time: 01:42:23

Health: -21/92     AC: 22    Str: 10    XL:     15   Next: 95%
Magic:  60/62      EV: 12    Int: 30    God:    Vehumet [*****.]
Gold:   1173       SH:  5    Dex: 14    Spells: 34/60 levels left

rFire   . . .      SeeInvis .    x - staff of conjuration
rCold   + . .      Faith    .    I - +0 buckler
rNeg    . . .      Spirit   .    h - +2 troll leather armour {Snorg}
rPois   .          Reflect  .    b - +1 helmet
rElec   .          Rampage  .    F - +2 cloak
rCorr   .                        a - +1 pair of gloves
Will    +....                    l - +0 pair of boots
Stlth   ++                       u - amulet of magic regeneration
HPRegen 1.15/turn                O - ring of Ufim {rC+ MP+9 AC+4 Str+3 Int+3}
MPRegen 0.78/turn                q - ring of magical power

@: no status effects
A: iridescent scales 1, deterioration 1, robust 1
a: Renounce Religion


You were on level 14 of the Dungeon.
You worshipped Vehumet.
Vehumet was extremely pleased with you.
You visited 4 branches of the dungeon, and saw 22 of its levels.
You also visited: Ossuary and Gauntlet.

You collected 1895 gold pieces.
You spent 722 gold pieces at shops.

Inventory:

Hand Weapons
 t - the +2 Maxwell's thermic engine {flame, freeze}
   (You found it on level 14 of the Dungeon)

   It becomes more effective when it hits something.
   This effect fades over time.
Missiles
 L - 4 curare-tipped darts
Armour
 a - a +1 pair of gloves (worn)
 b - a +1 helmet (worn)
 h - a +2 troll leather armour (worn) {Snorg}
 l - a +0 pair of boots (worn)
 n - a +1 robe of resistance
 F - a +2 cloak (worn)
 I - a +0 buckler (worn)
Magical Staves
 e - a staff of cold
 r - a staff of fire
 x - a staff of conjuration (weapon)
 y - a staff of earth
Jewellery
 c - an amulet of the acrobat
 m - a ring of protection from cold
 q - a ring of magical power (right hand)
 s - the ring "Kamivukk" {Fly rN++ AC+4}
   (You found it in a Gauntlet)

   [ring of protection]

   AC:        It affects your AC (+4).
   rN:        It greatly protects you from negative energy.
   Fly:       It grants you flight.
 u - an amulet of magic regeneration (around neck)
 v - a +4 ring of protection
 K - a ring of see invisible
 O - the ring of Ufim (left hand) {rC+ MP+9 AC+4 Str+3 Int+3}
   (You bought it in a shop on level 9 of the Dungeon)

   [ring of protection]

   AC:        It affects your AC (+4).
   Str:       It affects your strength (+3).
   Int:       It affects your intelligence (+3).
   rC:        It protects you from cold.
   MP:        It affects your magic capacity (+9).
 S - a ring of protection from fire
 T - a ring of protection from fire
Wands
 f - a wand of polymorph (3)
 E - a wand of digging (7)
Scrolls
 g - a scroll of fog
 i - 12 scrolls of teleportation
 k - 4 scrolls of magic mapping
 A - 2 scrolls of fear
 B - 5 scrolls of blinking
 C - 3 scrolls of butterflies {unknown}
 D - 5 scrolls of noise {unknown}
 G - 2 scrolls of enchant armour {unknown}
 H - a scroll of acquirement {unknown}
 M - 5 scrolls of immolation {unknown}
 W - 2 scrolls of brand weapon {unknown}
 Z - 2 scrolls of vulnerability {unknown}
Potions
 d - 9 potions of magic
 o - 6 potions of heal wounds
 p - 9 potions of curing
 w - a potion of might
 J - 3 potions of haste
 N - 2 potions of brilliance
 P - a potion of flight
 Y - 2 potions of berserk rage
Miscellaneous
 j - a condenser vane
 z - a piece from Xom's chessboard (15/15)


   Skills:
 - Level 6.0 Fighting
 + Level 6.8 Armour
 - Level 3.0 Dodging
 - Level 3.0 Stealth
 - Level 6.0 Shields
 * Level 23.3 Spellcasting
 + Level 16.9 Conjurations
 - Level 9.0 Summonings
 - Level 1.1 Necromancy
 - Level 1.1 Translocations
 + Level 5.0 Fire Magic
 - Level 1.0 Ice Magic
 - Level 1.0 Air Magic
 - Level 2.0 Poison Magic
 - Level 1.2 Evocations


You had 34 spell levels left.
You knew the following spells:

 Your Spells              Type           Power      Damage    Failure   Level
a - Magic Dart            Conj           100%       1d8       0%          1
b - Mephitic Cloud        Conj/Pois/Air  85%        N/A       1%          3
c - Call Imp              Summ           73%        N/A       1%          2
d - Blink                 Tloc           82%        N/A       1%          2
e - Orb of Destruction    Conj           58%        9d14      1%          7
f - Fireball              Conj/Fire      50%        3d20      1%          5
g - Starburst             Conj/Fire      50%        6d14      1%          6

Your spell library contained the following spells:

 Spells                   Type           Power      Damage    Failure   Level
 Foxfire                  Conj/Fire      100%       2x1d9     0%          1
 Searing Ray              Conj           100%       2d8       0%          2
 Kiss of Death            Conj/Necr      100%       2d13      1%          1
 Slow                     Hex            100%       N/A       1%          1
 Cigotuvi's Dreadful Rot  Necr/Pois/Air  86%        N/A       1%          2
 Ensorcelled Hibernation  Hex/Ice        76%        N/A       1%          2
 Poisonous Vapours        Pois/Air       88%        N/A       1%          2
 Frozen Ramparts          Ice            82%        1d13      1%          3
 Ignite Poison            Fire/Tmut/Pois 49%        N/A       1%          3
 Inner Flame              Hex/Fire       50%        N/A       1%          3
 Summon Guardian Golem    Hex/Summ       58%        N/A       1%          3
 Fulminant Prism          Conj/Hex       45%        3d21      1%          4
 Sticky Flame             Conj/Fire      100%       2d11      1%          4
 Summon Ice Beast         Ice/Summ       60%        N/A       1%          4
 Irradiate                Conj/Tmut      45%        3d26      1%          5
 Spellforged Servitor     Conj/Summ      53%        N/A       1%          7
 Spider Form              Tmut/Pois      41%        N/A       3%          3
 Confusing Touch          Hex            35%        N/A       4%          3
 Dispel Undead            Necr           41%        3d16      10%         4
 Anguish                  Hex/Necr       19%        N/A       12%         4
 Ice Form                 Ice/Tmut       38%        N/A       12%         4
 Cause Fear               Hex            17%        N/A       14%         4
 Blade Hands              Tmut           17%        N/A       38%         5
 Death Channel            Necr           20%        N/A       82%         6
 Ignition                 Fire           30%        3d10      95%         8
 Dragon Form              Tmut           17%        N/A       100%        7
 Discord                  Hex            17%        N/A       100%        8
 Dragon's Call            Summ           36%        N/A       100%        9


Dungeon Overview and Level Annotations

Branches:
Dungeon (14/15)            Temple (1/1) D:4            Lair (5/5) D:10
  Swamp (0/4) Lair:2        Snake (0/4) Lair:3        Slime (0/5) Lair:4
    Orc (2/2) D:12            Elf (0/3) Orc:2        Vaults (0/5) D:14
Ossuary (visited)         Gauntlet (visited)

Altars:
Ashenzari
Cheibriados
Dithmenos
Elyvilon
Fedhas
Gozag
Hepliaklqana
Kikubaaqudgha
Makhleb
Nemelex Xobeh
Okawaru
Qazlal
Ru
Sif Muna
Trog
Uskayaw
Vehumet
Wu Jian
Xom
Yredelemnul
Zin
The Shining One
Jiyva

Shops:
D:9 *   Orc:2 *([?=

Annotations:
D:14 3 runed translucent doors, Bukydon's ghost, journeyman MiFi; Rupert
Orc:1 2 transporters, asti's ghost, journeyman MiFi


Innate Abilities, Weirdness & Mutations

You are partially covered in iridescent scales. (AC +2)
Your body sometimes deteriorates upon taking damage.
You are robust. (+10% HP)


Message History

Confirm with . or Enter, or press ? or * to list all spells.
Aiming: Fireball (safe; 1% risk of failure)
Press: ? - help, Shift-Dir - straight line You feel a surge of power!
The fireball explodes!
The fireball engulfs the basilisk!!!
You kill the basilisk!
Vehumet accepts your kill.
Unknown command.
Rupert is nearby!
Casting: Fireball (safe; 1% risk of failure)
Confirm with . or Enter, or press ? or * to list all spells.
Aiming: Orb of Destruction (dangerous; 1% risk of failure)
Press: ? - help, Shift-Dir - straight line, f - Rupert
Aim: Rupert, wielding a +3 triple sword of distortion and wearing a +0 ring mail You feel a surge of power!
Rupert roars wildly at you.
You are confused.
Unknown command.
The orb of destruction hits Rupert!!!
Rupert is heavily wounded.
Rupert screams, "Hurray!"
Rupert yells loudly at you.
You are more confused.
Unknown command.
Unknown command.
The slime creature quivers.
The slime creature hits you but does no damage.
Rupert roars madly and goes into a rage!
Rupert goes berserk!
Rupert hits you with a +3 triple sword of distortion!!
The slime creature hits you!
Rupert hits you with a +3 triple sword of distortion!!
* * * LOW HITPOINT WARNING * * *
Space warps horribly around you!
* * * LOW HITPOINT WARNING * * *
The slime creature quivers.
You feel better.
The slime creature hits you but does no damage.
Rupert hits you with a +3 triple sword of distortion!!!
You die...

.....##.# ############
##...## #
..#..######### ##'##
..#[.........# #...#
###.########.# #...# ##
#.# #.###### #..(# #.
### #####.##...#
#...####. ####
#......'...# ##.......#
..## #.######...#
#≈⌠......# ###. #.@.#
#≈≈######. #.... #.J@#
#### #. ..... #†..# ##
###.. ..#####...#
..#.... †.)......J#
_.'.............†J....#
..#......†.†.....#J...#
###...p.....†..†.#....#
.......#..######.'....#


You could see Rupert (berserk) and 4 slime creatures.

Vanquished Creatures
  Kirke (Lair:5)
  A balrug (D:14)
  A cacodemon (D:14)
  A minotaur (Gauntlet)
  3 dire elephants (Lair:5)
  Snorg (D:13)
  2 blizzard demons (D:14)
  A great orb of eyes (shapeshifter) (D:13)
  5 hydras
  5 ogre magi (Orc:2)
  3 centaur warriors
  A boulder beetle (Lair:3)
  4 two-headed ogres
  22 death yaks
  A catoblepas (Lair:4)
  A death scarab (Gauntlet)
  Urug (D:13)
  2 orc high priests (Orc:2)
  3 skeletal warriors (D:14)
  A soul eater (D:14)
  A spectral death yak (Lair:5)
  2 skysharks
  4 sixfirhies
  A spectral anaconda (Lair:5)
  3 wizards (D:14)
  2 lindwurms (Lair:2)
  An obsidian statue (Lair:5)
  2 orc knights
  4 deep elf pyromancers
  3 ugly things
  2 manticores
  4 necromancers (Lair:5)
  An oklob plant (Lair:3)
  6 orc sorcerers
  20 elephants
  A cyclops (D:11)
  A torpor snail (Lair:5)
  5 black mambas
  23 cane toads
  A gargoyle (D:12)
  An unseen horror (D:11)
  4 kobold demonologists
  11 komodo dragons
  4 rime drakes
  3 ice devils (D:14)
  An efreet (D:14)
  A red devil (D:14)
  4 polar bears
  5 trolls
  2 hornets (Lair:2)
  3 blink frogs (Lair:5)
  A vampire (D:9)
  6 slime creatures
  34 yaks
  3 ynoxinuls (D:14)
  2 wraiths
  13 wyverns
  3 hogs
  14 humans (D:14)
  8 basilisks
  A death yak simulacrum (Lair:5)
  A chaos spawn (D:14)
  2 steam dragons
  8 vampire mosquitoes
  A neqoxec (D:14)
  3 spectral cane toads
  2 wargs (Orc:2)
  21 water moccasins
  2 nagas (Lair:3)
  An ice beast (D:6)
  10 orc warriors
  4 black bears
  8 ogres
  41 wolves
  3 centaurs
  5 kobold brigands
  A phantom (D:4)
  A gnoll sergeant (D:8)
  An elf zombie (Ossuary)
  16 bullfrogs
  A scorpion (D:4)
  13 wights
  An elephant simulacrum (Lair:5)
  9 killer bees (D:9)
  4 howler monkeys
  2 human zombies (Ossuary)
  8 orc priests
  Crazy Yiuf (D:6)
  5 hounds
  2 jellies
  3 gnoll boudas
  Natasha (thrice) (D:3)
  5 iguanas
  27 orc wizards
  A hound zombie (D:5)
  2 mummies (Ossuary)
  25 gnolls
  10 adders
  2 white imps
  3 ufetubi
  2 adder zombies (Ossuary)
  2 worms
  2 dart slugs
  29 orcs
  2 giant cockroaches (D:4)
  8 goblins
  7 hobgoblins
  2 jackals (D:4)
  30 kobolds
  2 quokkas
  10 ball pythons
  A bat (D:2)
  A frilled lizard (D:3)
  A goblin zombie (Ossuary)
  8 hobgoblin zombies (Ossuary)
  9 kobold zombies (Ossuary)
  10 orc zombies (Ossuary)
  3 rats
  A rat zombie (D:5)
659 creatures vanquished.

Vanquished Creatures (collateral kills)
  A centaur warrior (D:13)
  A slime creature (D:12)
  A kobold brigand (D:8)
  2 elf zombies (Ossuary)
  A wight (D:8)
  A howler monkey (D:10)
  A centaur zombie (Ossuary)
  2 kobolds (D:8)
  A rat zombie (Ossuary)
11 creatures vanquished.

Vanquished Creatures (others)
  3 humans (Lair:5)
  49 fungi
  70 plants
  21 withered plants
143 creatures vanquished.

Grand Total: 813 creatures vanquished

Notes
Turn   | Place    | Note
-------+----------+-------------------------------------------
     0 | D:1      | pokeman the Deep Elf Hedge Wizard began the quest for the
                  | Orb.
     0 | D:1      | Reached XP level 1. HP: 10/10 MP: 7/7
   299 | D:1      | Reached XP level 2. HP: 14/16 MP: 5/9
  1463 | D:2      | Found a faded altar of an unknown god.
  1463 | D:2      | Noticed a hellwing
  1670 | D:2      | Reached skill level 5 in Spellcasting
  2087 | D:3      | Found a sacrificial altar of Ru.
  2139 | D:3      | Noticed Natasha
  2149 | D:3      | Reached XP level 3. HP: 15/20 MP: 3/11
  2153 | D:3      | Learned a level 3 spell: Mephitic Cloud
  2156 | D:3      | Learned a level 2 spell: Call Imp
  2159 | D:3      | Learned a level 2 spell: Blink
  2217 | D:3      | Killed Natasha
  2218 | D:3      | Reached skill level 1 in Fighting
  2218 | D:3      | Reached skill level 1 in Armour
  2402 | D:3      | Found a basalt altar of Yredelemnul.
  2413 | D:3      | Noticed Natasha
  2422 | D:3      | Found a shimmering altar of Xom.
  2443 | D:3      | Killed Natasha
  2444 | D:3      | Reached XP level 4. HP: 17/25 MP: 2/13
  2625 | D:3      | Noticed Natasha
  2637 | D:3      | Killed Natasha
  2761 | D:3      | Reached skill level 6 in Spellcasting
  2761 | D:3      | Reached XP level 5. HP: 29/29 MP: 1/15
  2974 | D:3      | Found a bloodstained altar of Trog.
  3088 | D:4      | Found a snail-covered altar of Cheibriados.
  3193 | D:4      | Noticed a phantom
  3211 | D:4      | Killed a phantom
  3212 | D:4      | Reached skill level 1 in Air Magic
  3212 | D:4      | Reached skill level 1 in Evocations
  3212 | D:4      | Reached XP level 6. HP: 4/34 MP: 0/17
  3804 | D:4      | Reached skill level 7 in Spellcasting
  3831 | D:4      | Found a shimmering blue altar of Sif Muna.
  4182 | D:4      | Reached skill level 1 in Poison Magic
  4252 | D:4      | Found an ancient bone altar of Kikubaaqudgha.
  4309 | D:4      | Found a staircase to the Ecumenical Temple.
  4317 | Temple   | Entered the Ecumenical Temple
  4352 | D:5      | Entered Level 5 of the Dungeon
  4387 | D:5      | Noticed an orc warrior
  4397 | D:5      | Killed an orc warrior
  4398 | D:5      | Reached XP level 7. HP: 39/39 MP: 14/20
  4494 | D:5      | Reached skill level 8 in Spellcasting
  4506 | D:5      | Found a sand-covered staircase.
  4555 | Ossuary  | Entered an ossuary
  5420 | Ossuary  | Reached skill level 9 in Spellcasting
  5420 | Ossuary  | Reached XP level 8. HP: 27/44 MP: 21/23
  6207 | D:6      | Reached skill level 5 in Conjurations
  6473 | D:6      | Found a runed translucent door.
  6474 | D:6      | Noticed Crazy Yiuf
  6486 | D:6      | Killed Crazy Yiuf
  6609 | D:6      | Reached skill level 10 in Spellcasting
  7125 | D:6      | Found a hide-covered altar of Uskayaw.
  7204 | D:6      | Reached XP level 9. HP: 24/49 MP: 8/25
  7477 | D:7      | HP: 2/49 [poisoned by a water moccasin]
  7478 | D:7      | Reached skill level 11 in Spellcasting
  7479 | D:7      | Gained mutation: Your body sometimes deteriorates upon
                  | taking damage. [potion of mutation]
  7479 | D:7      | Gained mutation: You have large cloven feet. [potion of
                  | mutation]
  7483 | D:7      | Lost mutation: You have large cloven feet. [potion of
                  | mutation]
  7483 | D:7      | Lost mutation: Your body sometimes deteriorates upon taking
                  | damage. [potion of mutation]
  7483 | D:7      | Gained mutation: You are partially covered in iridescent
                  | scales. (AC +2) [potion of mutation]
  7483 | D:7      | Gained mutation: You are robust. (+10% HP) [potion of
                  | mutation]
  7897 | D:7      | Found a radiant altar of Vehumet.
  7900 | D:7      | Became a worshipper of Vehumet
  7928 | D:7      | Found a glowing silver altar of Zin.
  8295 | D:7      | Reached skill level 5 in Summonings
  8834 | D:8      | Found a blossoming altar of Fedhas.
  9015 | D:8      | Reached skill level 12 in Spellcasting
  9158 | D:8      | Reached * piety under Vehumet
  9158 | D:8      | Offered knowledge of Shock by Vehumet.
  9378 | D:8      | Found a broken altar of Ashenzari.
 10250 | D:9      | Reached XP level 10. HP: 55/61 MP: 26/28
 10280 | D:9      | Reached skill level 13 in Spellcasting
 10567 | D:9      | Offered knowledge of Freeze by Vehumet.
 10668 | D:9      | Found a shadowy altar of Dithmenos.
 10876 | D:9      | Found Garowess's Assorted Antiques.
 10888 | D:9      | Reached ** piety under Vehumet
 10896 | D:9      | Bought a warped golden ring for 170 gold pieces
 10896 | D:9      | Identified the ring of Ufim {rC+ MP+9 AC+4 Str+3 Int+3}
                  | (You bought it in a shop on level 9 of the Dungeon)
 10896 | D:9      | Bought a scroll labelled POLEEPL ANOANK for 34 gold pieces
 11138 | D:10     | Entered Level 10 of the Dungeon
 11218 | D:10     | Found an iron altar of Okawaru.
 11480 | D:10     | Noticed an elephant
 11517 | D:10     | Killed an elephant
 11518 | D:10     | Reached skill level 14 in Spellcasting
 11773 | D:10     | Found a staircase to the Lair.
 12323 | D:11     | Noticed a manticore
 12340 | D:11     | Killed a manticore
 12341 | D:11     | Reached skill level 10 in Conjurations
 12424 | D:11     | Noticed a brown ugly thing
 12621 | D:11     | Killed a brown ugly thing
 12622 | D:11     | Reached skill level 1 in Shields
 12622 | D:11     | Reached XP level 11. HP: 53/67 MP: 31/31
 13208 | D:12     | Noticed a two-headed ogre
 13259 | Lair:1   | Entered Level 1 of the Lair of Beasts
 13458 | D:11     | Offered knowledge of Dazzling Flash by Vehumet.
 13491 | D:12     | Noticed a deep elf pyromancer
 13681 | D:11     | Killed a deep elf pyromancer
 13682 | D:11     | Reached skill level 15 in Spellcasting
 13748 | D:11     | Killed a two-headed ogre
 14112 | D:12     | Found a staircase to the Orcish Mines.
 14154 | D:12     | Noticed a two-headed ogre
 14180 | D:12     | Killed a two-headed ogre
 14301 | D:12     | Noticed a purple ugly thing
 14348 | D:12     | Killed a purple ugly thing
 14453 | D:12     | Learned a level 7 spell: Orb of Destruction
 15158 | D:12     | Reached skill level 16 in Spellcasting
 15524 | D:13     | Noticed Snorg
 15557 | D:13     | Reached skill level 1 in Necromancy
 15649 | D:13     | Noticed Urug
 15669 | D:13     | Killed Urug
 15755 | D:13     | Noticed a deep elf pyromancer
 15763 | D:13     | Noticed a two-headed ogre
 15764 | D:13     | Killed a deep elf pyromancer
 15771 | D:13     | Killed a two-headed ogre
 15772 | D:13     | Reached XP level 12. HP: 51/72 MP: 26/34
 16008 | D:13     | Noticed a centaur warrior
 16014 | D:13     | Killed Snorg
 16017 | D:13     | Killed a centaur warrior
 16017 | D:13     | Reached *** piety under Vehumet
 16328 | D:13     | Noticed a centaur warrior
 16353 | D:13     | Killed a centaur warrior
 16354 | D:13     | Reached skill level 17 in Spellcasting
 16437 | D:13     | Noticed a great orb of eyes
 16442 | D:13     | Killed a great orb of eyes
 16773 | D:14     | Noticed Rupert
 16773 | D:14     | Noticed a fire dragon
 16773 | D:14     | Noticed a centaur warrior
 16773 | D:14     | Found a gate to the Vaults.
 17363 | Lair:1   | Reached skill level 5 in Shields
 17882 | Lair:2   | Noticed a death yak
 17882 | Lair:2   | Noticed a death yak
 17882 | Lair:2   | Noticed a death yak
 17883 | Lair:2   | Noticed a death yak
 17884 | Lair:2   | Noticed a death yak
 17890 | Lair:2   | Found a gate leading to a gauntlet.
 17896 | Gauntlet | Entered a Gauntlet
 17896 | Gauntlet | Found a transporter.
 17908 | Gauntlet | Noticed a death scarab
 17911 | Gauntlet | Found a transporter.
 17913 | Gauntlet | Found a transporter.
 17930 | Gauntlet | Found a transporter.
 17932 | Gauntlet | Noticed a death yak
 17934 | Gauntlet | Noticed a death yak
 17934 | Gauntlet | Noticed a death yak
 17944 | Gauntlet | Found a transporter.
 17954 | Gauntlet | Found a runed translucent gate.
 17955 | Gauntlet | Found a transporter.
 17955 | Gauntlet | Found a runed translucent gate.
 17956 | Gauntlet | Found a runed translucent gate.
 17959 | Gauntlet | Found a transporter.
 17961 | Gauntlet | Found a transporter.
 17979 | Gauntlet | Noticed an entropy weaver
 17980 | Gauntlet | Found a transporter.
 17985 | Gauntlet | Found a transporter.
 18007 | Gauntlet | Found a transporter.
 18007 | Gauntlet | Found a transporter.
 18035 | Gauntlet | Found a transporter.
 18039 | Gauntlet | Found a transporter.
 18101 | Gauntlet | Killed a death scarab
 18102 | Gauntlet | Reached skill level 18 in Spellcasting
 18378 | Gauntlet | Identified the ring "Kamivukk" {Fly rN++ AC+4}
 18433 | Gauntlet | Killed a death yak
 18433 | Gauntlet | Offered knowledge of Frozen Ramparts by Vehumet.
 18443 | Gauntlet | Killed a death yak
 18657 | Gauntlet | Noticed a minotaur
 18662 | Gauntlet | Killed a minotaur
 18751 | Lair:2   | Killed a death yak
 18752 | Lair:2   | Reached XP level 13. HP: 77/77 MP: 20/37
 19572 | Lair:2   | Reached skill level 19 in Spellcasting
 19660 | Lair:2   | Found a staircase to the Swamp.
 19669 | Lair:2   | Reached **** piety under Vehumet
 19924 | Lair:2   | Offered knowledge of Airstrike by Vehumet.
 20042 | Lair:2   | Identified the +1 chain mail "Jori" {*Slow rPois rN+++
                  | Dex+3}
 20172 | Lair:2   | Reached skill level 15 in Conjurations
 20402 | Lair:3   | Reached skill level 5 in Armour
 20733 | Lair:3   | Found a snail-covered altar of Cheibriados.
 20826 | Lair:3   | Found a staircase to the Snake Pit.
 20832 | Lair:3   | Reached skill level 20 in Spellcasting
 21883 | Lair:4   | Reached XP level 14. HP: 83/83 MP: 28/40
 22275 | Lair:4   | Found a viscous altar of Jiyva.
 22275 | Lair:4   | Found a staircase to the Slime Pits.
 22443 | Lair:4   | Reached ***** piety under Vehumet
 22514 | Lair:4   | Offered knowledge of Eringya's Noxious Bog by Vehumet.
 22601 | Lair:4   | Reached skill level 5 in Fighting
 23608 | Lair:5   | Entered Level 5 of the Lair of Beasts
 23651 | Lair:5   | Reached skill level 21 in Spellcasting
 23803 | Lair:5   | Noticed Kirke
 23833 | Lair:5   | Noticed a sphinx
 23951 | Lair:5   | Killed Kirke
 24716 | Lair:5   | Offered knowledge of Sticky Flame by Vehumet.
 25105 | Lair:5   | Reached XP level 15. HP: 37/92 MP: 32/42
 25440 | Lair:5   | Reached skill level 22 in Spellcasting
 25570 | Lair:5   | Reached skill level 1 in Fire Magic
 25668 | Lair:5   | Gained mutation: Your body sometimes deteriorates upon
                  | taking damage. [a neqoxec]
 25852 | Lair:5   | Identified the amulet "Gittedghi" {Regen+ Int+2}
 26608 | Orc:1    | Entered Level 1 of the Orcish Mines
 26894 | Orc:1    | Noticed asti's ghost (journeyman MiFi)
 26901 | Orc:1    | Found a transporter.
 26907 | Orc:1    | Found a transporter.
 27368 | Orc:2    | Entered Level 2 of the Orcish Mines
 27438 | Orc:2    | Found Foiw's General Store.
 27519 | Orc:2    | Found a staircase to the Elven Halls.
 28019 | Orc:2    | Found Lymyofit's Antique Armour Boutique.
 28035 | Orc:2    | Bought a pair of embroidered gloves for 195 gold pieces
 28035 | Orc:2    | Bought a runed helmet for 195 gold pieces
 28070 | Orc:2    | Found a radiant altar of Vehumet.
 28177 | Orc:2    | Found Yxuip's Magic Scroll Boutique.
 28203 | Orc:2    | Bought a scroll of teleportation for 48 gold pieces
 28203 | Orc:2    | Bought a scroll of identify for 32 gold pieces
 28203 | Orc:2    | Bought a scroll of teleportation for 48 gold pieces
 28206 | Orc:2    | Found an ancient bone altar of Kikubaaqudgha.
 28333 | Orc:2    | Found Jemm's Jewellery Shop.
 28384 | Orc:2    | Found Lulebikk's Antique Weapon Shop.
 29000 | D:14     | Found a broken altar of Ashenzari.
 29044 | D:14     | Found a runed translucent gate.
 29044 | D:14     | Found a runed translucent gate.
 29044 | D:14     | Found a runed translucent gate.
 29054 | D:14     | Learned a level 5 spell: Fireball
 29061 | D:14     | Learned a level 6 spell: Starburst
 29067 | D:14     | Found an ancient bone altar of Kikubaaqudgha.
 29067 | D:14     | Noticed a lich
 29068 | D:14     | Noticed a lich
 29068 | D:14     | Noticed a lich
 29068 | D:14     | Noticed a lich
 29068 | D:14     | Noticed Bukydon's ghost (journeyman MiFi)
 29069 | D:14     | Found the brooch of Shielding {Spirit SH+8}
 29147 | D:14     | Reached skill level 23 in Spellcasting
 29251 | D:14     | Found a burning altar of Makhleb.
 29257 | D:14     | Reached skill level 1 in Ice Magic
 29280 | D:14     | Found the +2 Maxwell's thermic engine {flame, freeze}
 29283 | D:14     | Identified the +8 lajatang of Reph {flame, rF+ rN+ Int-4
                  | Dex+3}
 29289 | D:14     | Identified the +2 chain mail of the Gloaming {Fly Will+}
 29609 | D:14     | Reached skill level 5 in Fire Magic
 29710 | D:14     | Demolished by Rupert

Illustrated notes

Levels and vault maps discovered:
D:1:      lightli_arrival_noodles, layout_loops_corners
D:2:      layout_basic, dreamdust_ecumenical_altar_sealed_demon
D:3:      layout_rooms, mainiacjoe_overflow_alcove_4, old_standard_altar,
          marbit_many_paths, mainiacjoe_overflow_24_doors, moated_statue,
          uniq_natasha
D:4:      wad_lake_hut, layout_basic, lemuel_crystal_altar,
          kiku_gazebo_pond_becter, mainiacjoe_overflow_brackets,
          minmay_temple_entry_enclosed_plants, hangedman_decor_push,
          corexii_leaking_fountain
D:5:      layout_basic, serial_undead, serial_undead_d, serial_undead_e,
          serial_undead_b, serial_undead_f, enter_ossuary_3,
          chequers_decorated_corner, hellmonk_bongcloud_opening
D:6:      layout_rooms, nicolae_uskayaw_suspiria, uniq_crazy_yiuf_cottage
D:7:      layout_basic, kennysheep_mini, mainiacjoe_overflow_small_starburst
D:8:      layout_basic, kennysheep_mini_moat, fedhas_altar_3
D:9:      layout_irregular_city, mainiacjoe_overflow_paths, serial_shops, shop,
          nzn_life_drinkers
D:10:     layout_long_grid, lemuel_tele_altar, david_lair_generic
D:11:     nicolae_cairo_tiling_very_big, layout_irregular_city,
          ebering_dispersal_statue_hall
D:12:     layout_small_grid, orc_0_dummy
D:13:     layout_loops_ring, uniq_urug, uniq_snorg
D:14:     evilmike_makhleb_hellhole, layout_basic, david_vaults_3,
          gammafunk_ghost_crypt, nicolae_ashenzari_skybound, sword_in_stone
Temple:   hellmonk_temple_two_chambers
Lair:1:   layout_chaotic_city, beast_lair_carwin_7
Lair:2:   cheibrodos_lair_overgrown_chateau, layout_regular_city,
          minmay_swamp_entry_reptiles, gauntlet_entry_generic,
          serial_bayou_pond_b
Lair:3:   layout_chaotic_city, guppyfry_snake_entry_island, basic_altar,
          beast_lair_carwin_6
Lair:4:   layout_cave_pods, slime_entry_1, grunt_forest_large_clearings
Lair:5:   due_jungle_book, layout_cave_pods, uniq_kirke
Orc:1:    layout_caves, gammafunk_ghost_arena
Orc:2:    kennysheep_orc_mage_school, layout_caves, serial_shops, shop

Skill      XL: |  1  2  3  4  5  6  7  8  9 10 11 12 13 14 15 |
---------------+----------------------------------------------+-----
Spellcasting   | 5 6 7 9 10 12 14 16 18 20 21 23 | 23.3
Fighting       | 1 2 3 4 6 |  6.0
Armour         | 1 2 3 4 5 6 |  6.8
Conjurations   | 2 3 4 5 7 10 12 14 15 16 | 16.9
Stealth        | 3 |  3.0
Dodging        | 3 |  3.0
Air Magic      | 1 |  1.0
Evocations     | 1 |  1.2
Poison Magic   | 1 2 |  2.0
Summonings     | 2 4 5 6 8 9 |  9.0
Shields        | 1 3 5 6 |  6.0
Necromancy     | 1 |  1.1
Fire Magic     | 5 |  5.0
Ice Magic      | 1 |  1.0
Translocations | |  1.1

Action                     |  1- 3 |  4- 6 |  7- 9 | 10-12 | 13-15 || total
---------------------------+-------+-------+-------+-------+-------++-------
  Melee: Dagger            |    30 |     8 |       |       |       ||    38
         Punch             |     1 |       |     4 |     7 |       ||    12
         Spear             |       |    11 |   286 |   351 |    37 ||   685
         Staff             |       |       |       |       |    50 ||    50
   Cast: Magic Dart        |    77 |   111 |   336 |   102 |    89 ||   715
         Mephitic Cloud    |     2 |     6 |    32 |    81 |    22 ||   143
         Call Imp          |       |     1 |    22 |    10 |       ||    33
         Blink             |       |       |     3 |    19 |    10 ||    32
         Orb of Destructio |       |       |       |    66 |   458 ||   524
         Fireball          |       |       |       |       |    43 ||    43
  Evoke: Piece from Xom's  |       |       |       |     5 |       ||     5
         Wand              |       |       |       |    11 |       ||    11
    Use: Potion            |       |       |     6 |     1 |     1 ||     8
         Scroll            |       |       |       |    11 |     7 ||    18
   Stab: Confused          |     1 |     1 |    20 |    57 |     9 ||    88
         Sleeping          |       |     1 |     1 |       |       ||     2
         Distracted        |       |       |     1 |       |       ||     1
         Invisible         |       |       |       |     2 |       ||     2
 Armour: Robe              |     5 |     9 |    85 |    75 |       ||   174
         Troll leather arm |       |       |       |    48 |   112 ||   160
  Dodge: Dodged            |    23 |    22 |   184 |   213 |   107 ||   549
  Block: Buckler           |       |       |       |       |    46 ||    46

Table legend: (Time is in decaauts)
 A = Elapsed time spent in this place.
 B = Non-inter-level travel time spent in this place.
 C = Inter-level travel time spent in this place.
 D = Time resting spent in this place.
 E = Time spent auto-exploring this place.
 F = Levels seen in this place.
 G = Mean time per level.
                   A        B        C        D        E       F      G
               +--------+--------+--------+--------+--------+-----+--------+
         Total |  29900 |  27330 |   2570 |   2373 |  18962 |  24 | 1245.8 |
       Dungeon |  17584 |  15743 |   1841 |   1232 |  11366 |  14 | 1256.0 |
        Temple |    101 |     81 |     20 |      0 |     13 |   1 |  101.0 |
          Lair |   8279 |   7719 |    560 |    752 |   5303 |   5 | 1655.8 |
  Orcish Mines |   2124 |   1976 |    148 |     12 |   1598 |   2 | 1062.0 |
       Ossuary |    990 |    990 |      0 |      0 |    668 |   1 |  990.0 |
      Gauntlet |    819 |    819 |      0 |    377 |     14 |   1 |  819.0 |
               +--------+--------+--------+--------+--------+-----+--------+

Top non-repeatable levels by time:
  Lair:5: 2384 daAuts
  Lair:4: 2038 daAuts
  Lair:2: 1697 daAuts
    D:11: 1651 daAuts
     D:4: 1614 daAuts
     D:9: 1529 daAuts
     D:7: 1430 daAuts
     D:8: 1417 daAuts
    D:12: 1397 daAuts
   Orc:2: 1376 daAuts
    D:13: 1341 daAuts
     D:6: 1318 daAuts
  Lair:3: 1126 daAuts
     D:1: 1082 daAuts
     D:2: 1033 daAuts
